 Dungeon Crawl Stone Soup version 0.27-a0-1196-g3e9cee4cb2 (webtiles) character file.

Game seed: 2563477476821672615

44 pokeman the Magician (level 3, -1/20 HPs)
             Began as a Deep Elf Hedge Wizard on May 28, 2021.
             Shot with a stone by a goblin (6 damage)
             ... led by Robin
             ... on level 2 of the Dungeon.
             The game lasted 00:02:17 (1713 turns).

pokeman the Magician (Deep Elf Hedge Wizard)        Turns: 1713, Time: 00:02:18

Health: -1/20      AC:  3    Str:  7    XL:     3   Next: 39%
Magic:  7/11       EV: 11    Int: 19    God:
Gold:   73         SH:  0    Dex: 14    Spells: 1/12 levels left

rFire    . . .     SeeInvis .   a - +0 dagger
rCold    . . .     Faith    .   (no shield)
rNeg     . . .     Spirit   .   f - +0 leather armour
rPois    .         Reflect  .   c - +0 hat
rElec    .         Harm     .   (no cloak)
rCorr    .         Rampage  .   (no gloves)
Will     .....                  (no boots)
Stlth    ++........             (no amulet)
HPRegen  0.06/turn              (no ring)
MPRegen  0.12/turn              (no ring)

@: no status effects
A: no striking features
a: no special abilities


You were on level 2 of the Dungeon.
You visited 1 branch of the dungeon, and saw 2 of its levels.

You collected 73 gold pieces.

Inventory:

Hand Weapons
 a - a +0 dagger (weapon)
Missiles
 g - 21 arrows
Armour
 c - a +0 hat (worn)
 f - a +0 leather armour (worn)
Jewellery
 h - an amulet of guardian spirit
Scrolls
 b - a scroll of torment {unknown}
 d - 3 scrolls of identify {unknown}
Potions
 e - a potion of flight {unknown}
 i - 2 potions of haste {unknown}
 j - a potion of heal wounds {unknown}


   Skills:
 + Level 0.9 Fighting
 - Level 1.0 Armour
 + Level 2.4 Dodging
 - Level 2.4 Stealth
 * Level 5.2 Spellcasting
 + Level 1.8 Conjurations
 - Level 1.1 Summonings
 - Level 1.1 Translocations


You had one spell level left.
You knew the following spells:

 Your Spells              Type           Power      Damage    Failure   Level
a - Magic Dart            Conj           44%        1d5       9%          1
b - Mephitic Cloud        Conj/Pois/Air  7%         N/A       38%         3
c - Call Imp              Summ           9%         N/A       17%         2
d - Blink                 Tloc           N/A        N/A       17%         2
e - Conjure Flame         Conj/Fire      8%         6-21      36%         3

Your spell library contained the following spells:

 Spells                   Type           Power      Damage    Failure   Level
 Slow                     Hex            4%         N/A       26%         2


Dungeon Overview and Level Annotations

Branches:
Dungeon (2/15)

Altars:
Gozag

Annotations:
D:2 Robin


Message History

There is a stone staircase leading down here.
You climb downwards.
Level annotation: Robin A hobgoblin comes into view.
The hobgoblin hits you.
There is a stone staircase leading up, spattered with blood here.
Casting: Magic Dart (safe; 9% risk of failure)
Confirm with . or Enter, or press ? or * to list all spells.
The spell is potentially lethal to cast (38% risk of failure)!
Continue anyway?
Aiming: Mephitic Cloud (potentially lethal; 38% risk of failure)
Press: ? - help, Shift-Dir - straight line, f - Robin
Aim: Robin, wielding a +1 short sword of electrocution, wearing a +0 animal skin and wearing a +0 helmet (chance to affect: 91%)
The ball explodes into a vile cloud!
The stinking cloud engulfs Robin but does no damage.
The hobgoblin shouts!
Robin is engulfed in noxious fumes.
Robin appears confused.
The goblin shoots a stone.
The stone barely misses you. The hobgoblin barely misses you.
Unknown command.
Unknown command.
Casting: Mephitic Cloud (potentially lethal; 38% risk of failure)
Confirm with . or Enter, or press ? or * to list all spells.
Aiming: Magic Dart (safe; 9% risk of failure)
Press: ? - help, Shift-Dir - straight line, f/p - Robin
Aim: Robin, wielding a +1 short sword of electrocution, wearing a +0 animal skin and wearing a +0 helmet (lightly wounded, confused, 100% to hit)
Okay, then.
Unknown command.
Unknown command.
Casting: Magic Dart (safe; 9% risk of failure)
Confirm with . or Enter, or press ? or * to list all spells.
Aiming: Magic Dart (safe; 9% risk of failure)
Press: ? - help, Shift-Dir - straight line, f/p - Robin
Aim: Robin, wielding a +1 short sword of electrocution, wearing a +0 animal skin and wearing a +0 helmet (lightly wounded, confused, 100% to hit)
The magic dart hits Robin but does no damage.
Robin is lightly wounded.
Robin hits you with a +1 short sword of electrocution.
The goblin shoots a stone.
The stone hits you. The hobgoblin hits you.
* * * LOW HITPOINT WARNING * * *
The goblin shoots a stone.
The stone hits you.
You die...

#.## #..#............... # #..#
##.#...[........... ####.#
##.......g......... ..##.#
#..................
...#.##########.##...............
........##......#g.......##.....#
...[.#..#.......#○...######.#####
#..#............g○☼#..# #.#
##..............@g.##.## #.#
####.#............##..####.#
#...............###...##.#
####..................<..##.#
#.........................#.#
########..................#.#
#...÷....).........#.#
#....................#
#.................##.#


You could see Robin (confused), 2 hobgoblins and a goblin.

Vanquished Creatures
  An adder (D:2)
  A worm (D:2)
  A dart slug (D:2)
  2 ball pythons
  3 endoplasms (D:2)
  2 giant cockroaches
  3 hobgoblins
  A frilled lizard (D:2)
  10 goblins
  2 kobolds
  2 rats
28 creatures vanquished.

Notes
Turn   | Place    | Note
-------+----------+-------------------------------------------
     0 | D:1      | pokeman the Deep Elf Hedge Wizard began the quest for the
                  | Orb.
     0 | D:1      | Reached XP level 1. HP: 10/10 MP: 7/7
   851 | D:2      | Reached XP level 2. HP: 16/16 MP: 6/9
  1114 | D:2      | Reached skill level 5 in Spellcasting
  1180 | D:2      | Reached XP level 3. HP: 20/20 MP: 7/11
  1184 | D:2      | Learned a level 3 spell: Mephitic Cloud
  1187 | D:2      | Learned a level 2 spell: Call Imp
  1192 | D:2      | Learned a level 2 spell: Blink
  1196 | D:2      | Learned a level 3 spell: Conjure Flame
  1330 | D:2      | Found an opulent altar of Gozag.
  1456 | D:2      | Noticed Robin
  1498 | D:1      | Reached skill level 1 in Armour
  1713 | D:2      | Shot with a stone by a goblin

Illustrated notes

Levels and vault maps discovered:
D:1:      lightli_arrival_quake, layout_basic
D:2:      layout_rooms, basic_altar, uniq_robin

Skill      XL: |  1  2  3 |
---------------+----------+-----
Spellcasting   | 5 |  5.2
Armour         | 1 |  1.0
Fighting       | |  0.9
Dodging        | |  2.4
Stealth        | |  2.4
Conjurations   | |  1.8
Summonings     | |  1.1
Translocations | |  1.1

Action                   || total
-------------------------++-------
Melee: Dagger            ||    15
 Cast: Magic Dart        ||    78
       Mephitic Cloud    ||     1
Armor: Leather armour    ||     7
Dodge: Dodged            ||    31

Table legend: (Time is in decaauts)
 A = Elapsed time spent in this place.
 B = Non-inter-level travel time spent in this place.
 C = Inter-level travel time spent in this place.
 D = Time resting spent in this place.
 E = Time spent auto-exploring this place.
 F = Levels seen in this place.
 G = Mean time per level.
                   A        B        C        D        E       F      G
               +--------+--------+--------+--------+--------+-----+--------+
         Total |   1713 |   1680 |     33 |    286 |   1191 |   2 |  856.5 |
       Dungeon |   1713 |   1680 |     33 |    286 |   1191 |   2 |  856.5 |
               +--------+--------+--------+--------+--------+-----+--------+

Top non-repeatable levels by time:
     D:1: 1042 daAuts
     D:2: 671 daAuts
